 Dungeon Crawl Stone Soup version 0.22.1-1-ga44c0e56f4 (webtiles) character file.

5959 Jannitor the Skirmisher (level 10, -14/83 HPs)
             Began as a Demigod Skald on Oct 25, 2018.
             Demolished by a death yak (16 damage)
             ... on level 4 of the Lair of Beasts.
             The game lasted 00:32:28 (12511 turns).

Jannitor the Skirmisher (Demigod Skald)            Turns: 12511, Time: 00:32:29

Health: -14/83     AC: 13    Str: 22    XL:     10   Next: 29%
Magic:  13/22      EV: 18    Int: 26    God:
Gold:   411        SH:  0    Dex: 22    Spells: 4/20 levels left

rFire    . . .     SeeInvis .   e - +9 dagger "Jeucel" {pierce, Str+4 Dex+3}
rCold    . . .     Gourm    .   (no shield)
rNeg     + . .     Faith    .   x - +2 ring mail of Wisdom {*Drain rN+ Str+2 Dex+4}
rPois    .         Spirit   .   k - +0 helmet (curse)
rElec    .         Reflect  .   o - +0 cloak
rCorr    .         Harm     .   h - +1 pair of gloves
MR       ++...                  (no boots)
Stlth    +.........             (no amulet)
HPRegen  0.23/turn              E - +5 ring of evasion
MPRegen  0.18/turn              f - ring of protection from magic

@: brilliant, lethally poisoned (-14 -> -26), about to teleport, berserk
cooldown, slowed, very slow
A: high mp 1
a: no special abilities


You were on level 4 of the Lair of Beasts.
You were not hungry.

You visited 2 branches of the dungeon, and saw 12 of its levels.

You collected 411 gold pieces.

Inventory:

Hand Weapons
 a - a +0 spear
 e - the +9 dagger "Jeucel" (weapon) {pierce, Str+4 Dex+3}
   (You found it on level 4 of the Dungeon)

   It inflicts extra damage upon your enemies.
   It affects your strength (+4).
   It affects your dexterity (+3).
 t - a +0 blowgun
 C - the +10 flail of Hacking and Slashing {flame, rC+ rN+ Str-2}
   (You found it on level 6 of the Dungeon)

   It has been specially enchanted to burn those struck by it, causing extra
   injury to most foes and up to half again as much damage against particularly
   susceptible opponents.
   It affects your strength (-2).
   It protects you from cold.
   It protects you from negative energy.
Missiles
 u - 28 poisoned needles
 B - a throwing net (quivered)
Armour
 b - a +0 leather armour
 h - a +1 pair of gloves (worn)
 k - a cursed +0 helmet (worn)
 m - a +0 ring mail
 o - a +0 cloak (worn)
 x - the +2 ring mail of Wisdom (worn) {*Drain rN+ Str+2 Dex+4}
   (You found it on level 5 of the Dungeon)

   It affects your strength (+2).
   It affects your dexterity (+4).
   It protects you from negative energy.
   It causes draining when unequipped.
 H - the +5 chain mail "Atotzusi" {MR+ Dex+3, unknown}
   (You found it on level 8 of the Dungeon)

   It affects your dexterity (+3).
   It affects your resistance to hostile enchantments.
Jewellery
 f - a ring of protection from magic (right hand)
 j - an uncursed ring of protection from fire
 y - an uncursed amulet of guardian spirit
 E - a +5 ring of evasion (left hand)
Wands
 w - a wand of random effects (9)
 G - a wand of flame (20)
Scrolls
 g - a scroll of teleportation
 n - a scroll of remove curse
 v - a scroll of magic mapping
 D - a scroll of vulnerability
Potions
 i - 3 potions of ambrosia
 q - a potion of lignification
 r - a potion of cancellation
 s - a potion of resistance
 A - a potion of agility {unknown}
 F - a potion of curing {unknown}
Comestibles
 d - 10 rations


   Skills:
 + Level 6.3 Fighting
 - Level 5.6 Polearms
 - Level 5.5 Armour
 + Level 2.9 Dodging
 + Level 5.8 Spellcasting
 + Level 3.9 Hexes
 - Level 6.2 Charms
 - Level 3.3 Necromancy
 - Level 2.0 Translocations
 + Level 2.2 Ice Magic


You had 4 spell levels left.
You knew the following spells:

 Your Spells              Type           Power        Failure   Level  Hunger
a - Infusion              Chrm           ####         1%          1    None
b - Shroud of Golubria    Chrm/Tloc      #####.....   1%          2    None
c - Song of Slaying       Chrm           ######..     1%          2    None
d - Regeneration          Chrm/Necr      #####.....   1%          3    None
e - Spectral Weapon       Hex/Chrm       #####...     1%          3    None
f - Metabolic Englaciati  Hex/Ice        #####.....   10%         5    #####..

Your spell library contained the following spells:

 Spells                   Type           Power        Failure   Level  Hunger
 Confusing Touch          Hex            #####.       1%          1    None
 Corona                   Hex            #####..      1%          1    None
 Ensorcelled Hibernation  Hex/Ice        #####.       1%          2    None
 Confuse                  Hex            #####...     1%          3    None
 Dazzling Spray           Conj/Hex       ####..       1%          3    None
 Gell's Gravitas          Tloc           ####......   1%          3    None
 Tukima's Dance           Hex            #####...     1%          3    None
 Petrify                  Tmut/Erth      ###.....     12%         4    ###....
 Yara's Violent Unravell  Hex/Tmut       ####......   14%         5    #####..


Dungeon Overview and Level Annotations

Branches:
Dungeon (8/15)             Temple (0/1) D:5            Lair (4/6) D:8
  Swamp (0/4) Lair:3
  Snake: Lair:2-4    Spider: Lair:2-4

Annotations:
Lair:3 exclusion: komodo dragon
Lair:4 Urug


Innate Abilities, Weirdness & Mutations

You have an increased reservoir of magic. (+10% MP)


Message History

* * * LOW HITPOINT WARNING * * *
Unknown command.
Okay, then.
Unknown command.
Unknown command.
Casting: Spectral Weapon (safe; 1% risk of failure)
Confirm with . or Enter, or press ? or * to list all spells.
Okay, then.
Unknown command.
Casting: Spectral Weapon (safe; 1% risk of failure)
Confirm with . or Enter, or press ? or * to list all spells.
You radiate an aura of cold.
The death yak seems to slow down.
The spiny frog seems to slow down.
The death yak seems to slow down. x3
Your spectral weapon is unaffected.
The death yak seems to slow down.
The water moccasin seems to slow down.
The spiny frog seems to slow down.
* * * LOW HITPOINT WARNING * * *
You feel very sick. The death yak gores you!
You die...

..........#
#..........##
#...........
#..........#
.##..........#
.........FY..#
#.....>YYF>#
#+...##@.#
#...(YY###
###.#.YS.#
###..#+# .....
P......
##......#
#.......#
+.)....#.


You could see 6 death yaks, 2 spiny frogs and a friendly spectral dagger
"Jeucel" {pierce, Str+4 Dex+3}.

Vanquished Creatures
  A hydra (Lair:4)
  An elephant (D:7)
  A torpor snail (Lair:4)
  2 spiny frogs
  A komodo dragon (Lair:2)
  2 hippogriffs
  A yak (D:7)
  A wyvern (Lair:4)
  3 hogs (D:7)
  A human (D:7)
  2 basilisks
  4 porcupines
  2 water moccasins
  An orc warrior (D:6)
  A sky beast (D:7)
  A black bear (D:6)
  An ogre (D:3)
  A centaur (D:5)
  2 crocodiles
  3 bullfrogs
  A wyvern zombie (D:7)
  3 scorpions
  3 killer bees (D:8)
  A crimson imp (D:6)
  3 jellies
  2 orc priests
  3 hounds
  3 orc wizards
  Ijyb (D:4)
  A bullfrog skeleton (D:7)
  A centaur skeleton (D:6)
  A hound skeleton (D:8)
  3 gnolls (D:3)
  6 adders
  A shadow imp (D:5)
  An adder zombie (D:7)
  An adder skeleton (D:7)
  2 worms
  2 dart slugs
  2 leopard geckos
  10 orcs
  7 giant cockroaches
  8 goblins
  5 hobgoblins
  7 jackals
  7 kobolds
  5 quokkas
  4 bats
  6 frilled lizards
  10 rats
142 creatures vanquished.

Vanquished Creatures (others)
  A fungus (Lair:1)
  2 spectral weapons
3 creatures vanquished.

Grand Total: 145 creatures vanquished

Notes
Turn   | Place    | Note
-------+----------+-------------------------------------------
     0 | D:1      | Jannitor the Demigod Skald began the quest for the Orb.
     0 | D:1      | Reached XP level 1. HP: 17/17 MP: 5/5
   542 | D:1      | Found a shimmering altar of Xom.
   548 | D:1      | Reached XP level 2. HP: 24/24 MP: 4/7
   552 | D:1      | Learned a level 2 spell: Shroud of Golubria
  1321 | D:2      | Reached skill level 1 in Armour
  1563 | D:2      | Reached XP level 3. HP: 29/29 MP: 5/8
  1591 | D:2      | Learned a level 2 spell: Song of Slaying
  2362 | D:2      | Reached skill level 1 in Translocations
  2718 | D:3      | Reached XP level 4. HP: 36/37 MP: 4/9
  3666 | D:3      | Noticed a bullfrog
  3696 | D:3      | Killed a bullfrog
  3696 | D:3      | Reached XP level 5. HP: 24/42 MP: 6/11
  3948 | D:3      | Found a stormy altar of Qazlal.
  4872 | D:4      | Got a faintly glowing dagger
  4878 | D:4      | Identified the +9 dagger "Jeucel" {pierce, Str+4 Dex+3}
                  | (You found it on level 4 of the Dungeon)
  5436 | D:4      | Noticed Ijyb
  5951 | D:4      | Killed Ijyb
  5951 | D:4      | Reached XP level 6. HP: 50/50 MP: 12/12
  6572 | D:4      | Learned a level 3 spell: Regeneration
  6598 | D:5      | Entered Level 5 of the Dungeon
  6794 | D:5      | Found a staircase to the Ecumenical Temple.
  7066 | D:5      | Got a steaming ring mail
  7071 | D:5      | Identified the +2 ring mail of Wisdom {*Drain rN+ Str+2
                  | Dex+4} (You found it on level 5 of the Dungeon)
  7122 | D:5      | Found a blossoming altar of Fedhas.
  7206 | D:6      | Reached skill level 1 in Necromancy
  7206 | D:6      | Reached XP level 7. HP: 57/57 MP: 4/14
  7397 | D:6      | Got a dazzling flail
  7398 | D:6      | Identified the +10 flail of Hacking and Slashing {flame,
                  | rC+ rN+ Str-2} (You found it on level 6 of the Dungeon)
  7450 | D:7      | Learned a level 3 spell: Spectral Weapon
  7593 | D:7      | Noticed a hog
  7593 | D:7      | Noticed a hog
  7593 | D:7      | Noticed a hog
  7593 | D:7      | Noticed a human
  7593 | D:7      | Noticed a yak
  7616 | D:7      | Killed a hog
  7623 | D:7      | Killed a human
  7623 | D:7      | Reached XP level 8. HP: 36/66 MP: 10/16
  7793 | D:7      | Reached skill level 5 in Charms
  8506 | D:8      | Found a staircase to the Lair.
  8506 | D:8      | Noticed an elephant
  8506 | D:8      | Noticed a hippogriff
  8543 | D:7      | Killed an elephant
  8543 | D:7      | Reached XP level 9. HP: 37/73 MP: 3/19
  8545 | D:7      | Reached skill level 1 in Hexes
  8709 | D:7      | Reached skill level 5 in Fighting
  8709 | D:7      | Reached skill level 5 in Polearms
  9048 | D:8      | Got a brightly glowing chain mail
  9068 | Lair:1   | Entered Level 1 of the Lair of Beasts
  9193 | Lair:1   | Noticed a komodo dragon
  9233 | Lair:1   | HP: 2/74 [komodo dragon (4)]
  9258 | Lair:1   | Reached skill level 5 in Armour
  9271 | Lair:1   | Noticed a five-headed hydra
 11138 | Lair:2   | Noticed a komodo dragon
 11142 | Lair:2   | Noticed a spiny frog
 11146 | Lair:2   | Killed a komodo dragon
 11146 | Lair:2   | Reached skill level 5 in Spellcasting
 11149 | Lair:2   | Killed a spiny frog
 11600 | Lair:3   | Learned a level 5 spell: Metabolic Englaciation
 11605 | Lair:3   | Found a staircase to the Swamp.
 11662 | Lair:3   | Noticed a komodo dragon
 11807 | Lair:4   | Noticed a torpor snail
 11834 | Lair:4   | Killed a torpor snail
 11834 | Lair:4   | Reached XP level 10. HP: 83/83 MP: 18/21
 11853 | Lair:4   | Noticed a death yak
 11853 | Lair:4   | Noticed a death yak
 11869 | Lair:3   | Reached skill level 1 in Ice Magic
 12331 | Lair:4   | Noticed a four-headed hydra
 12343 | Lair:4   | Killed a four-headed hydra
 12480 | Lair:4   | Noticed Urug
 12504 | Lair:4   | Noticed a death yak
 12504 | Lair:4   | Noticed a death yak
 12504 | Lair:4   | Noticed a death yak
 12504 | Lair:4   | Noticed a death yak
 12504 | Lair:4   | Noticed a death yak
 12504 | Lair:4   | Noticed a death yak
 12511 | Lair:4   | HP: 2/83 [poisoned by a spiny frog]
 12511 | Lair:4   | Demolished by a death yak

Skill      XL: |  1  2  3  4  5  6  7  8  9 10 |
---------------+-------------------------------+-----
Fighting       | 2 3 4 5 6 |  6.3
Polearms       | 2 3 4 5 |  5.6
Charms         | 3 4 5 6 |  6.2
Armour         | 1 2 3 4 5 |  5.5
Translocations | 1 2 |  2.0
Spellcasting   | 2 3 4 5 |  5.8
Necromancy     | 1 2 3 |  3.3
Hexes          | 3 |  3.9
Dodging        | 2 |  2.9
Ice Magic      | 2 |  2.2

Action                   |  1- 3 |  4- 6 |  7- 9 | 10-12 || total
-------------------------+-------+-------+-------+-------++-------
Melee: Spear             |   147 |    18 |       |       ||   165
       Blowgun           |       |   104 |       |       ||   104
       Dagger            |       |    33 |   215 |    32 ||   280
 Fire: Blowgun           |       |    68 |     6 |       ||    74
 Cast: Infusion          |    27 |    16 |     5 |       ||    48
       Shroud of Golubri |     4 |     7 |     9 |     1 ||    21
       Regeneration      |       |     1 |     9 |     1 ||    11
       Song of Slaying   |       |       |     4 |       ||     4
       Spectral Weapon   |       |       |     9 |     3 ||    12
       Metabolic Englaci |       |       |       |     2 ||     2
Evoke: Wand              |       |     4 |     3 |     2 ||     9
  Use: Scroll            |       |    14 |     7 |     2 ||    23
       Potion            |       |     3 |     9 |     5 ||    17
 Stab: Sleeping          |     1 |       |     1 |       ||     2
       Distracted        |       |       |     4 |       ||     4
  Eat: Chunk             |     7 |     7 |    13 |     1 ||    28
       Ration            |       |     2 |     1 |     1 ||     4
Armor: Leather armour    |     6 |       |       |       ||     6
       Ring mail         |    29 |    78 |    77 |    19 ||   203
       Skin              |       |       |    24 |       ||    24
Dodge: Dodged            |    65 |   157 |   135 |    34 ||   391
